 Dungeon Crawl Stone Soup version 0.31-a0-233-g139696dc86 (webtiles) character file.

Game seed: 15005738498549442101

32 Decritt the Firebug (level 3, 0/26 HPs)
             Began as a Demonspawn Fire Elementalist on July 8, 2023.
             Succumbed to an adder's poison
             ... on level 2 of the Dungeon.
             The game lasted 00:03:41 (1301 turns).

Decritt the Firebug (Demonspawn Fire Elementalist)  Turns: 1301, Time: 00:03:41

Health: 0/26       AC:  2    Str:  8    XL:     3   Next: 8%
Magic:  8/15       EV: 12    Int: 18    God:
Gold:   41         SH:  0    Dex: 13    Spells: 5/6 levels left

rFire   . . .        j - staff of conjuration
rCold   . . .        (no shield)
rNeg    . . .        a - +0 robe
rPois   .            (no helmet)
rElec   .            (no cloak)
rCorr   .            (no gloves)
SInv    .            (no boots)
Will    .....        (no amulet)
Stlth   ++           g - ring of magical power
HPRegen 0.24/turn    (no ring)
MPRegen 0.14/turn

%: no passive effects
@: lethally poisoned (0 -> -2), very slightly contaminated
A: foul stench 1
a: no special abilities


You were on level 2 of the Dungeon.
You visited 1 branch of the dungeon, and saw 2 of its levels.

You collected 41 gold pieces.

Inventory:

Hand Weapons
 e - a +0 dagger
Armour
 a - a +0 robe (worn)
Magical Staves
 j - a staff of conjuration (weapon)
Jewellery
 g - a ring of magical power (left hand)
Scrolls
 d - a scroll of teleportation {unknown}
 f - 2 scrolls of acquirement {unknown}
 k - a scroll of identify {unknown}
Potions
 b - a potion of magic
 c - a potion of resistance {unknown}
 h - 2 potions of heal wounds {unknown}
 i - a potion of curing {unknown}


   Skills:
 + Level 1.1 Fighting
 + Level 2.2 Dodging
 - Level 1.7 Stealth
 + Level 2.4 Spellcasting
 - Level 1.0 Conjurations
 + Level 3.0 Fire Magic


You had 5 spell levels left.
You knew the following spells:

 Your Spells              Type           Power      Damage    Failure   Level
a - Foxfire               Conj/Fire      56%        2x1d6     8%          1

Your spell library contained the following spells:

 Spells                   Type           Power      Damage    Failure   Level
 Scorch                   Fire           26%        2d6       8%          2
 Inner Flame              Hex/Fire       7%         N/A       28%         3
 Volatile Blastmotes      Fire/Tloc      14%        2d11      28%         3
 Flame Wave               Conj/Fire      14%        2d6       58%         4


Dungeon Overview and Level Annotations

Branches:
Dungeon (2/15)

Altars:

Shops:
D:1 (


Innate Abilities, Weirdness & Mutations

You may rarely emit foul miasma when damaged in melee.


Message History

You feel a surge of power!
You miscast Foxfire.
Nothing appears to happen.
You feel sick. The adder bites you. The adder attacks as you move away!
The adder barely misses you.
You feel sick.
You hit the adder but do no damage.
The adder is almost dead.
You feel sick.
You are no longer poisoned.
The adder bites you. The adder closely misses you.
You barely miss the adder.
The adder is almost dead.
The adder bites you.
You are poisoned.
The adder poisons you!
Casting: Foxfire (safe; 8% risk of failure)
Confirm with . or Enter, or press ? or * to list all spells.
You feel a surge of power!
You conjure some foxfire!
You feel sick. The adder completely misses you. The adder barely misses you.
You feel sick. The adder bites you.
* * * LOW HITPOINT WARNING * * *
You are more poisoned.
The adder poisons you!
Your foxfire dissipates!
The adder attacks as you move away! The adder completely misses you.
* * * LOW HITPOINT WARNING * * *
You feel sick.
You feel sick. The adder barely misses you.
Casting: Foxfire (safe; 8% risk of failure)
Confirm with . or Enter, or press ? or * to list all spells.
You feel a surge of power!
You conjure some foxfire!
You feel sick. The adder barely misses you.
You feel sick. The adder bites you.
* * * LOW HITPOINT WARNING * * *
Your foxfire dissipates!
* * * LOW HITPOINT WARNING * * *
You feel sick.
Casting: Foxfire (safe; 8% risk of failure)
Confirm with . or Enter, or press ? or * to list all spells.
You feel a surge of power!
You conjure some foxfire!
You die...

###
#.#
#.#
#.#
#.#
#.#
#.#
#.#
#v#
#@#
#S#
#.#
#.#
#.#
#.#
#.#
#.#
#.#


You could see an adder (ally target).

Vanquished Creatures
  An adder (D:2)
  2 ball pythons (D:1)
  3 endoplasms (D:1)
  A goblin (D:1)
  A hobgoblin (D:1)
  2 jackals (D:1)
  4 bats (D:1)
  4 frilled lizards (D:1)
  A kobold (D:1)
  5 rats (D:1)
24 creatures vanquished.

Vanquished Creatures (others)
  57 foxfires
57 creatures vanquished.

Grand Total: 81 creatures vanquished

Notes
Turn   | Place    | Note
-------+----------+-------------------------------------------
     0 | D:1      | Decritt the Demonspawn Fire Elementalist began the quest
                  | for the Orb.
     0 | D:1      | Reached XP level 1. HP: 13/13 MP: 3/3
    61 | D:1      | Found a faded altar of an unknown god.
   458 | D:1      | Gained mutation: You may rarely emit foul miasma when
                  | damaged in melee. [demonic ancestry]
   458 | D:1      | Reached XP level 2. HP: 20/20 MP: 5/5
   531 | D:1      | Found Hoah's Antique Weapon Shop.
  1050 | D:1      | Reached skill level 1 in Fighting
  1237 | D:2      | Reached skill level 3 in Fire Magic
  1237 | D:2      | Reached XP level 3. HP: 26/26 MP: 6/6
  1300 | D:2      | HP: 1/26 [poisoned by an adder]
  1301 | D:2      | Succumbed to an adder's poison

Illustrated notes

Levels and vault maps discovered:
D:1:      tarquinn_simple_flora_water_a, layout_loops_corners, serial_shops,
          nicolae_shop_statue_plus, shapermc_ecumenical_altar_mp_highgroup,
          minmay_pentomino_q4
D:2:      layout_basic, grunt_ministairs_12

Skill      XL: |  1  2 |
---------------+-------+-----
Dodging        | 2 |  2.2
Fighting       | 1 |  1.1
Fire Magic     | 3 |  3.0
Stealth        | |  1.7
Spellcasting   | |  2.4
Conjurations   | |  1.0

Action                     || total
---------------------------++-------
  Melee: Dagger            ||    19
         Unarmed           ||     2
         Staff             ||     2
   Cast: Foxfire           ||    45
 Armour: Robe              ||    12
  Dodge: Dodged            ||    35

Table legend: (Time is in decaauts)
 A = Elapsed time spent in this place.
 B = Non-inter-level travel time spent in this place.
 C = Inter-level travel time spent in this place.
 D = Time resting spent in this place.
 E = Time spent auto-exploring this place.
 F = Levels seen in this place.
 G = Mean time per level.
                   A        B        C        D        E       F      G
               +--------+--------+--------+--------+--------+-----+--------+
         Total |   1299 |   1282 |     17 |     41 |   1029 |   2 |  649.5 |
       Dungeon |   1299 |   1282 |     17 |     41 |   1029 |   2 |  649.5 |
               +--------+--------+--------+--------+--------+-----+--------+

Top non-repeatable levels by time:
     D:1: 1215 daAuts
     D:2: 84 daAuts
